Map: Ascension to Aiur LE

Players

JonSnow

  • Race: Zerg Zerg
  • Spawn Location: 5:00

uThermal - Winner!

  • Race: Terran Terran
  • Spawn Location: 11:00

Event: WCS Montreal 2017

VOD

Have the link to the VOD?

Description

Time

  • Played on: Sept. 8, 2017, 5:16 p.m.
  • Length: 20:43

All games in this series

Show
View Real Time Build Order
Export as new Build Order

JonSnow Zerg 

Build Orders: Hatch First 

Get SALT Encoding   

  12  0:00  Drone  
  13  0:12  Overlord  
  13  0:17  Drone  
  14  0:30  Drone x2  
  14  0:34  Drone  
  17  0:51  Hatchery  
  17  0:56  Drone  
  17  0:59  Drone  
  18  1:09  Extractor  
  17  1:13  Spawning Pool  
  17  1:17  Drone  
  17  1:20  Drone  
  18  1:28  Overlord  
  18  1:38  Drone  
  19  1:52  Drone  
  20  2:00  Zergling x2  
  21  2:03  Queen  
  21  2:04  Spine Crawler, Zergling x2  
  23  2:14  Zergling x2  
  23  2:20  Metabolic Boost  
  23  2:26  Zergling x2  
  23  2:29  Zergling x2  
  25  2:33  Zergling x2  
  25  2:36  Zergling x2  
  27  2:48  Zergling x6  
  30  2:53  Queen  
  30  2:58  Zergling x2  
  33  2:59  Zergling x2  
  33  3:04  Zergling x2  
  35  3:08  Zergling x2  
  33  3:27  Hatchery  
  30  3:32  Drone  
  29  3:34  Drone  
  30  3:53  Hatchery  
  29  3:59  Drone  
  30  4:04  Overlord  
  30  4:22  Queen  
  32  4:24  Drone x4  
  32  4:28  Drone  
  37  4:35  Drone  
  38  4:39  Drone x2  
  38  4:43  Drone  
  41  4:50  Overlord  
  41  4:58  Spore Crawler  
  41  4:59  Spore Crawler  
  39  5:03  Drone x2  
  41  5:08  Drone x2  
  41  5:12  Spore Crawler  
  41  5:13  Drone  
  43  5:23  Drone x2  
  43  5:24  Drone  
  43  5:26  Spore Crawler  
  45  5:32  Drone x3  
  45  5:33  Drone  
  45  5:34  Drone  
  49  5:37  Drone  
  49  5:41  Baneling Nest  
  49  5:47  Drone x3  
  52  5:54  Zergling x2  
  52  5:55  Zergling x6  
  56  6:00  Zergling x2  
  57  6:05  Overlord  
  56  6:19  Lair  
  56  6:20  Drone x3  
  56  6:24  Drone x4  
  56  6:25  Drone x2  
  63  6:26  Drone x2  
  63  6:28  Drone  
  63  6:32  Overlord  
  65  6:34  Queen  
  65  6:37  Overlord  
  65  6:44  Extractor, Roach Warren  
  65  6:46  Spine Crawler  
  61  6:49  Baneling x5  
  61  6:54  Zergling x4  
  61  6:55  Zergling x4  
  61  7:00  Zergling x10  
  68  7:05  Zergling x2  
  65  7:09  Zergling x2  
  65  7:10  Queen x2, Zergling x2  
  66  7:17  Zergling x4  
  62  7:27  Zergling x6  
  62  7:28  Queen  
  65  7:31  Baneling x2  
  65  7:33  Zergling x2  
  65  7:36  Zergling x2  
  66  7:37  Zergling x4  
  66  7:39  Roach  
  66  7:42  Roach  
  66  7:43  Roach  
  67  7:46  Queen x2  
  67  7:48  Roach x2  
  67  7:49  Zergling x2  
  73  7:53  Roach, Zergling x2  
  73  7:57  Roach  
  71  7:59  Roach  
  71  8:00  Overseer  
  71  8:03  Queen, Roach  
  75  8:08  Overlord  
  75  8:16  Extractor  
  74  8:21  Queen  
  74  8:22  Queen  
  74  8:24  Drone x4  
  82  8:28  Spore Crawler  
  82  8:29  Extractor  
  82  8:33  Drone x4  
  84  8:34  Drone x2  
  84  8:37  Drone  
  84  8:38  Hydralisk Den  
  84  8:41  Drone  
  86  8:46  Drone x4  
  86  8:47  Evolution Chamber  
  90  8:48  Drone  
  90  8:50  Extractor  
  90  8:51  Extractor  
  90  8:52  Overlord  
  88  8:59  Overlord  
  88  9:01  Overlord  
  88  9:02  Drone x2  
  88  9:11  Drone  
  88  9:12  Drone x5  
  88  9:13  Drone  
  88  9:16  Zerg Missile Weapons Level 1  
  93  9:17  Muscular Augments  
  92  9:27  Drone x3  
  92  9:30  Drone  
  93  9:33  Drone  
  94  9:49  Hydralisk x7  
  108  9:56  Zergling x2  
  109  10:05  Hatchery  
  109  10:06  Glial Reconstitution  
  103  10:12  Drone x3  
  106  10:14  Drone  
  106  10:17  Hydralisk  
  106  10:18  Hydralisk x2  
  106  10:19  Infestation Pit  
  112  10:22  Zergling x2  
  112  10:24  Roach  
  112  10:26  Overlord x4  
  114  10:35  Overlord  
  113  10:43  Overlord x2  
  113  10:48  Hydralisk x4  
  114  10:54  Drone x2  
  114  10:55  Drone x2  
  117  11:04  Drone x2  
  117  11:05  Drone x3  
  117  11:06  Drone  
  117  11:10  Hive  
  122  11:16  Zergling x2  
  122  11:17  Drone x4  
  127  11:20  Drone x2  
  127  11:24  Zerg Missile Weapons Level 2  
  129  11:32  Roach x4  
  133  11:37  Roach x3  
  133  11:39  Ravager  
  141  11:40  Ravager  
  141  11:42  Roach x2  
  141  11:46  Roach x2  
  150  11:47  Roach  
  150  11:48  Ravager x3  
  150  11:53  Roach x2  
  150  11:54  Roach  
  159  11:59  Roach x3  
  165  12:05  Roach  
  165  12:06  Roach x3  
  156  12:18  Roach x5  
  156  12:21  Roach  
  148  12:27  Roach  
  148  12:28  Viper  
  137  12:35  Roach  
  137  12:36  Roach x7  
  153  12:43  Roach x4  
  136  12:53  Drone x6  
  136  12:54  Drone  
  136  12:56  Extractor  
  136  12:57  Extractor  
  141  13:03  Hydralisk x3  
  147  13:08  Roach x3  
  147  13:11  Roach x3  
  159  13:13  Ravager  
  159  13:14  Ravager x2  
  159  13:18  Overlord  
  162  13:21  Overlord x2  
  162  13:39  Hydralisk x7  
  165  13:45  Drone x3  
  165  13:46  Viper  
  171  13:52  Roach x2  
  171  13:53  Zergling x4  
  170  14:02  Hydralisk  
  170  14:03  Hydralisk x2  
  170  14:05  Overlord  
  170  14:08  Roach  
  170  14:15  Drone x4  
  174  14:19  Roach x2  
  174  14:21  Ravager x2  
  174  14:22  Ravager  
  174  14:23  Ravager  
  182  14:34  Roach x4  
  190  14:39  Roach  
  190  14:44  Overlord  
  191  15:03  Roach  
  191  15:04  Roach x9  
  166  15:10  Roach x3  
  135  15:16  Roach x2  
  135  15:20  Roach x2  
  137  15:25  Ravager  
  137  15:26  Ravager x7  
  143  15:30  Roach  
  143  15:31  Roach  
  143  15:32  Ravager  
  143  15:33  Ravager  
  143  15:34  Ravager x2  
  152  15:35  Ravager  
  152  15:41  Roach  
  152  15:42  Roach  
  156  15:45  Roach  
  156  15:46  Roach  
  156  15:49  Roach  
  162  15:54  Ravager x4  
  166  15:57  Roach  
  166  15:58  Roach x2  
  166  16:03  Roach x2  
  171  16:06  Roach  
  171  16:09  Roach  
  171  16:13  Roach  
  170  16:19  Roach x2  
  170  16:23  Roach  
  176  16:30  Roach  
  176  16:31  Roach x2  
  182  16:37  Roach  
  182  16:38  Roach  
  186  16:41  Roach x2  
  186  16:45  Roach  
  187  16:54  Roach x3  
  193  17:06  Roach x3  
  199  17:09  Overlord  
  199  17:11  Ravager  
  200  17:20  Roach x3  
  172  17:27  Roach  
  172  17:28  Roach x2  
  163  17:36  Roach x2  
  144  17:39  Ravager  
  144  17:40  Ravager x4  
  149  17:44  Overseer  
  149  17:46  Roach  
  153  17:51  Roach  
  153  17:54  Ravager x6  
  159  18:02  Roach x2  
  163  18:06  Roach  
  163  18:11  Roach  
  167  18:15  Roach x2  
  171  18:21  Roach  
  173  18:30  Roach x3  
  178  18:34  Roach x2  
  178  18:40  Roach  
  178  18:41  Roach  
  182  18:43  Ravager x3  
  182  18:44  Ravager  
  186  19:00  Drone x5  
  187  19:04  Roach x2  
  187  19:08  Roach  
  190  19:13  Roach x2  
  183  19:18  Ravager x4  
  185  19:29  Drone x4  
  185  19:30  Drone  
  185  19:34  Drone x2  
  187  19:39  Ravager x3  
  187  19:40  Ravager x2  
  192  19:47  Roach x2  
  191  19:57  Roach x2  
  160  20:02  Roach x2  
  164  20:09  Ravager x4  
  164  20:11  Roach x2  
  137  20:23  Roach x4  
  141  20:29  Ravager x3  
  141  20:30  Ravager  
Show
View Real Time Build Order
Export as new Build Order

uThermal Terran - Winner!

Build Orders:  

Get SALT Encoding   

  12  0:02  SCV  
  13  0:14  Supply Depot  
  13  0:18  SCV  
  14  0:30  SCV  
  16  0:42  SCV  
  16  0:44  Barracks  
  16  1:00  Barracks, SCV  
  17  1:06  Refinery  
  17  1:12  SCV  
  18  1:24  SCV  
  19  1:31  Marine  
  20  1:36  Orbital Command  
  20  1:42  Bunker  
  20  1:48  Marine  
  20  1:49  Supply Depot  
  20  1:52  Marine  
  22  2:01  Bunker  
  22  2:06  Marine  
  23  2:10  Marine  
  23  2:12  SCV  
  24  2:24  Factory  
  24  2:25  Marine  
  24  2:28  Marine  
  26  2:34  Bunker  
  26  2:43  Marine  
  27  2:46  Marine  
  29  3:01  Marine, Refinery  
  29  3:04  Supply Depot, Marine  
  30  3:08  Supply Depot  
  29  3:20  Starport  
  29  3:26  Hellion  
  28  3:34  SCV  
  21  3:46  SCV  
  21  3:48  Hellion  
  24  3:58  SCV  
  25  4:03  Starport Tech Lab  
  25  4:06  Command Center  
  25  4:10  SCV  
  26  4:18  Factory Reactor  
  26  4:22  SCV, Cloaking Field  
  27  4:29  Banshee  
  30  4:35  SCV  
  31  4:42  Supply Depot  
  31  4:47  SCV  
  32  4:54  Hellion x2  
  32  4:59  SCV  
  37  5:12  Banshee  
  40  5:15  Hellion  
  40  5:16  Hellion  
  40  5:20  SCV  
  45  5:31  Armory  
  45  5:35  Orbital Command  
  45  5:39  Hellion  
  47  5:46  SCV, Hellion  
  50  5:54  Banshee  
  53  5:58  SCV  
  53  6:00  Hellion  
  56  6:04  SCV  
  56  6:10  SCV  
  58  6:15  Supply Depot  
  58  6:16  SCV  
  59  6:22  SCV  
  59  6:23  Hellion  
  62  6:32  Supply Depot x2  
  62  6:36  SCV x2  
  62  6:37  Hellion  
  66  6:43  Terran Vehicle Weapons Level 1  
  66  6:49  SCV x2, Hellion  
  70  6:55  Banshee  
  70  7:01  SCV x2  
  75  7:02  Hellion  
  77  7:10  Hellion  
  77  7:13  SCV x2  
  72  7:25  SCV x2, Hellion  
  74  7:36  Hellion  
  76  7:37  SCV  
  76  7:38  Banshee, SCV  
  78  7:47  Hellion  
  78  7:49  Command Center, SCV  
  75  7:52  SCV  
  75  7:58  Hellion  
  74  8:01  SCV  
  73  8:09  Factory, SCV  
  73  8:12  Factory  
  70  8:13  Factory  
  70  8:15  Factory  
  70  8:17  Refinery  
  70  8:18  SCV, Refinery  
  75  8:24  Cyclone x2  
  74  8:27  SCV  
  74  8:29  Barracks Tech Lab  
  74  8:31  SCV  
  76  8:37  Starport Reactor  
  76  8:38  Terran Vehicle And Ship Armor Level 1  
  76  8:40  SCV  
  77  8:51  SCV  
  77  8:53  SCV  
  79  8:55  Factory Tech Lab  
  79  8:58  Factory Reactor  
  78  9:03  SCV  
  78  9:04  Hellion x2  
  78  9:06  Orbital Command, Supply Depot x2  
  83  9:12  Siege Tank  
  83  9:13  SCV  
  83  9:15  SCV  
  88  9:17  Siege Tank  
  88  9:22  Supply Depot  
  91  9:28  Siege Tank  
  91  9:29  Hellion  
  93  9:32  Refinery  
  93  9:33  Refinery  
  93  9:35  Infernal Pre-Igniter  
  93  9:37  SCV  
  93  9:38  SCV  
  95  9:39  Armory  
  95  9:43  Hellion x2  
  96  9:46  Supply Depot  
  96  9:47  SCV  
  96  9:50  Hellion  
  96  9:51  SCV  
  100  9:54  SCV  
  100  9:57  Siege Tank  
  100  9:58  Hellion x2  
  108  10:00  SCV  
  108  10:05  Siege Tank  
  108  10:07  Viking, Supply Depot  
  114  10:13  Supply Depot  
  110  10:17  Supply Depot  
  110  10:19  Siege Tank, Hellion  
  115  10:26  Hellion x2  
  119  10:29  Engineering Bay  
  119  10:30  Siege Tank  
  122  10:38  Siege Tank, Hellion  
  122  10:41  Hellion  
  129  10:48  Hellion  
  127  10:51  Siege Tank  
  127  10:55  Hellion  
  126  11:02  Siege Tank  
  131  11:04  Hellion  
  131  11:07  Terran Vehicle Weapons Level 2  
  131  11:10  Siege Tank  
  134  11:11  Terran Vehicle And Ship Armor Level 2  
  134  11:17  Command Center  
  136  11:18  Hellion  
  136  11:23  Siege Tank, Missile Turret  
  136  11:24  Supply Depot  
  141  11:25  Hellion  
  141  11:32  Hellion  
  143  11:34  Siege Tank  
  143  11:35  Hellion  
  150  11:40  Hellion  
  150  11:42  Hellion  
  154  11:47  Hellion  
  154  11:53  Hellion  
  156  11:55  Siege Tank  
  156  11:56  Hellion  
  156  11:58  Supply Depot  
  163  12:01  Hellion  
  163  12:07  Supply Depot, Hellion  
  163  12:08  Supply Depot  
  165  12:11  Hellion  
  165  12:13  Siege Tank  
  165  12:15  Hellion  
  154  12:17  Hellion  
  154  12:19  Viking x2  
  137  12:23  Hellion  
  137  12:28  Hellion x2  
  126  12:33  Hellion  
  126  12:36  Hellion  
  125  12:42  Hellion  
  123  12:45  Siege Tank  
  123  12:49  Siege Tank x2  
  129  13:02  Missile Turret  
  129  13:04  Hellion x4, Planetary Fortress  
  129  13:07  Hellion x2  
  133  13:13  Viking  
  133  13:17  Siege Tank  
  133  13:18  Viking  
  140  13:21  Siege Tank, Hellion  
  147  13:27  Hellion  
  147  13:28  Hellion  
  147  13:30  Hellion  
  147  13:33  Hellion  
  153  13:43  Hellion  
  157  13:48  Hellion  
  157  13:49  Hellion  
  157  13:50  Hellion  
  157  13:51  Hellion  
  157  13:53  Hellion  
  157  13:54  Viking  
  167  13:58  Terran Vehicle Weapons Level 3  
  165  14:08  Hellion x2  
  163  14:10  Siege Tank, Hellion  
  163  14:12  Hellion  
  168  14:20  Hellion  
  170  14:25  Terran Vehicle And Ship Armor Level 3  
  170  14:27  Missile Turret  
  170  14:29  Viking  
  172  14:34  Viking  
  172  14:38  Hellion x2  
  178  14:41  Hellion  
  180  14:47  Siege Tank  
  180  14:48  Hellion  
  185  14:54  Hellion x2  
  185  14:59  Hellion  
  193  15:00  Hellion  
  193  15:04  Hellion  
  193  15:05  Orbital Command  
  168  15:09  Hellion  
  138  15:15  Hellion x2  
  138  15:16  Liberator  
  138  15:20  Hellion x2  
  142  15:21  Liberator  
  142  15:22  Hellion  
  142  15:25  Hellion  
  144  15:31  Hellion  
  147  15:36  Siege Tank, Hellion  
  147  15:41  Hellion  
  159  15:43  Hellion  
  159  15:47  Hellion x2  
  163  15:52  Hellion  
  165  15:58  Hellion  
  165  15:59  Liberator  
  165  16:02  Siege Tank  
  168  16:04  Liberator  
  168  16:05  Hellion  
  168  16:08  Siege Tank  
  168  16:09  Hellion  
  169  16:18  Hellion  
  168  16:19  Siege Tank  
  168  16:21  Hellion  
  176  16:26  Hellion  
  176  16:31  Hellion  
  176  16:34  Siege Tank  
  176  16:39  Hellion  
  175  16:41  Hellion  
  175  16:43  Hellion  
  173  16:48  Liberator, Hellion  
  173  16:51  Liberator, Hellion  
  173  16:52  Hellion  
  169  17:01  Hellion  
  163  17:02  Siege Tank  
  163  17:04  Hellion  
  163  17:07  Siege Tank  
  174  17:09  Hellion  
  174  17:12  Siege Tank  
  174  17:14  Hellion  
  184  17:22  Hellion  
  170  17:26  Hellion  
  144  17:30  Hellion  
  144  17:34  Siege Tank  
  144  17:35  Hellion  
  139  17:39  Liberator x2, Siege Tank  
  139  17:43  Hellion  
  141  17:45  Hellion  
  141  17:47  Hellion  
  145  17:52  Factory, Refinery, Hellion  
  145  17:53  Factory, Refinery  
  153  18:00  Hellion  
  155  18:06  Siege Tank x2, Hellion  
  155  18:10  Hellion  
  155  18:11  Siege Tank  
  166  18:15  Hellion  
  168  18:24  Hellion  
  170  18:31  Hellion  
  170  18:32  Hellion  
  174  18:36  Hellion  
  174  18:37  Factory Tech Lab  
  174  18:38  Siege Tank x2  
  174  18:39  Factory Reactor  
  182  18:43  Siege Tank  
  182  18:45  Hellion  
  187  18:53  Hellion x2  
  183  18:57  Hellion  
  183  19:02  Hellion  
  185  19:09  Hellion  
  179  19:10  Siege Tank x2  
  179  19:14  Hellion  
  179  19:15  Siege Tank, Hellion  
  180  19:19  Viking, Hellion  
  180  19:22  Viking  
  186  19:30  Hellion  
  182  19:35  Hellion  
  182  19:38  Hellion x2  
  188  19:40  Hellion  
  190  19:48  Siege Tank, Hellion  
  190  19:49  Viking  
  190  19:52  Hellion  
  199  19:54  Hellion  
  199  19:58  Hellion  
  187  20:02  Viking  
  189  20:09  Siege Tank  
  189  20:10  Hellion  
  196  20:14  Hellion  
  196  20:18  Hellion  
Tags
 
Add a new tag
Caveats
  • Supply blocks, unpowered buildings, or Contaminate may cause inaccurate times.
  • Supply counts are checked every 10 seconds.